 Dungeon Sprint DCSS version 0.31-a0-18-gea43df2a32 (webtiles) character file.

Game seed: 4770560464060175783

1 sircluck the Sneak (level 1, -6/12 HPs)
             Began as a Kobold Brigand on May 9, 2023.
             Mangled by a flayed ghost (12 damage)
             ... in the Dungeon (Sprint VII: "The Pits").
             The game lasted 00:00:39 (48 turns).

sircluck the Sneak (Kobold Brigand)                   Turns: 48, Time: 00:00:40

Health: -6/12      AC:  3    Str:  8    XL:     1   Next: 22%
Magic:  1/1        EV: 14    Int: 12    God:
Gold:   0          SH:  0    Dex: 16    Spells: 0/0 levels left

rFire   . . .        a - +2 dagger
rCold   . . .        (no shield)
rNeg    . . .        b - +0 robe
rPois   .            (no helmet)
rElec   .            c - +0 cloak
rCorr   .            (no gloves)
SInv    .            (no boots)
Will    .....        (no amulet)
Stlth   ++++         (no ring)
HPRegen 0.22/turn    (no ring)
MPRegen 0.07/turn

%: no teleportation
@: flayed
A: small, no large weapons, nightstalker 3
a: no special abilities


You were in the Dungeon.
You visited 1 branch

Inventory:

Hand Weapons
 a - a +2 dagger (weapon)
Missiles
 d - 9 poisoned darts (quivered)
 e - 3 curare-tipped darts
Armour
 b - a +0 robe (worn)
 c - a +0 cloak (worn)
Potions
 f - a potion of curing
 g - a potion of heal wounds
 h - a potion of haste
 i - 2 potions of magic
 j - a potion of berserk rage


   Skills:
 + Level 2.2 Fighting
 + Level 2.8 Short Blades
 + Level 2.2 Throwing
 + Level 1.2 Dodging
 + Level 6.0 Stealth


You couldn't memorise any spells.
You didn't know any spells.
Your spell library was empty.

Dungeon Overview and Level Annotations

Branches:
Dungeon (1/1)

Altars:


Innate Abilities, Weirdness & Mutations

You are small and have problems with some larger weapons.
You are completely attuned to the shadows.


Message History

The flayed ghost cries, "Feel what I felt!"
Unknown command.
Unknown command.
Unknown command.
Blink to where?
Press: ? - help, Q - select action, (/) - cycle Dir - move target
As you read the scroll of blinking, it crumbles to dust.
There is a huge open gate to the Metal Vault (Medium) here.
There is a huge open gate to the Metal Vault (Medium) here.
The jackal barely misses you.
The flayed ghost cries, "Feel what I felt!"
Terrible wounds spread across more of your body!
The jackal attacks as you move away! The jackal bites you.
The jackal completely misses you.
You hit the jackal.
The jackal is lightly wounded.
The jackal bites you but does no damage.
You hit the jackal.
The jackal is severely wounded.
The jackal completely misses you.
You hit the jackal but do no damage.
The jackal is severely wounded.
The jackal barely misses you.
You hit the jackal.
You kill the jackal!
The jackal stops to sniff the ground.
The flayed ghost stares at you with tortured malice.
The jackal barely misses you.
Your Stealth skill increases to level 6!
You hit the jackal but do no damage. The jackal misses you.
You closely miss the jackal.
The jackal bites you but does no damage.
You barely miss the jackal.
The jackal bites you but does no damage.
The flayed ghost cries, "Suffer as I suffered!"
Terrible wounds spread across more of your body!
You hit the jackal but do no damage. The jackal bites you.
The flayed ghost hits you!
Ouch! That really hurt!
You die...

##########++
#...............
#......#..#.....
#...............
+...............
#......#W.#.....
#......@hD......
####'#####''####
#.......##''#
#.......##..#
#.......##Wh#
#...<...##..# ##
#.......##..#..#
#.......##ยง.#...
#.......##..h.h.


You could see a seven-headed hydra, a flayed ghost and a jackal.

Vanquished Creatures
  A jackal (D)
1 creature vanquished.

Notes
Turn   | Place    | Note
-------+----------+-------------------------------------------
     0 | D        | sircluck the Kobold Brigand began the quest for the Orb.
     0 | D        | Reached XP level 1. HP: 12/12 MP: 1/1
    26 | D        | Noticed a flayed ghost
    33 | D        | Noticed a seven-headed hydra
    45 | D        | Reached skill level 6 in Stealth
    48 | D        | Mangled by a flayed ghost

Illustrated notes

Levels and vault maps discovered:
D:        pitsprint [storerooms_1, entrance_room_1, metal_vault_1, armoury_1,
          mini_pit_1, grid_room_1, main_hall_1, silver_pit, the_coven_3,
          the_vestibule_1, steel_vault_5, golden_pit, hallway_of_sentries,
          crystal_vault_4, iron_vault_4, final_vault]

Skill      XL: |  1 |
---------------+----+-----
Stealth        | 6 |  6.0
Fighting       | |  2.2
Short Blades   | |  2.8
Throwing       | |  2.2
Dodging        | |  1.2

Action                     || total
---------------------------++-------
  Melee: Dagger            ||     8
    Use: Scroll            ||     1
 Armour: Robe              ||     3
  Dodge: Dodged            ||     7

Table legend: (Time is in decaauts)
 A = Elapsed time spent in this place.
 B = Non-inter-level travel time spent in this place.
 C = Inter-level travel time spent in this place.
 D = Time resting spent in this place.
 E = Time spent auto-exploring this place.
 F = Levels seen in this place.
 G = Mean time per level.
                   A        B        C        D        E       F      G
               +--------+--------+--------+--------+--------+-----+--------+
         Total |     47 |     45 |      2 |      0 |     26 |   1 |   47.0 |
       Dungeon |     47 |     45 |      2 |      0 |     26 |   1 |   47.0 |
               +--------+--------+--------+--------+--------+-----+--------+

Top non-repeatable levels by time:
       D: 47 daAuts
